AoeStats
← TSAO BING

Nomad

503672020Analyzed
4v4 RM · 1mo ago on Sep 1, 2026· 40m 56s· 8 players
Game mode
Random Map
Map size
231×231
Population
200
Speed
Normal
Resources
Standard
Victory
Conquest
Starting age
Dark Age
Ending age
Imperial Age
RankedLock teamsTeams togetherTeam positionsShared explorationLock speedFull tech treeHidden civsTurbo modeCheats
Victory
Defeat
🇹🇼 Georgians · Taiwan
1534
+8
🇹🇼 Italians · Taiwan
1439
+12
🇹🇼 Inca · Taiwan
1321
+17
🇹🇼 Khmer · Taiwan
1231
+56
🇦🇷 Japanese · Argentina
1396
-17
🇧🇷 Bengalis · Brazil
1354
-15
🇺🇸 Vietnamese · United States
1311
-13
🇧🇪 Wu · Belgium
1297
-12
symphey
9:13 Loom
13:44 Feudal Age
14:09 Fishing Lines
14:16 Double-Bit Axe
20:06 Castle Age
18:34 Fletching
18:38 Gold Mining
19:16 Stone Mining
21:34 Bow Saw
24:24 Forging
24:03 Arson
24:19 Squires
25:06 Scale Mail Armor
26:04 Horse Collar
26:20 Bodkin Arrow
29:06 Wheelbarrow
30:46 Iron Casting
33:39 Chain Mail Armor
33:25 Padded Archer Armor
35:57 Leather Archer Armor
39:40 Imperial Age
37:48 Ballistics
41:54 Chemistry
KEVAIN_25
7:46 Loom
14:35 Feudal Age
15:34 Double-Bit Axe
15:58 Town Watch
19:13 Castle Age
20:40 Bow Saw
20:51 Fletching
22:26 Horse Collar
23:58 Bodkin Arrow
LRNI_PanBailarin
5:30 Loom
5:54 Loom
13:51 Feudal Age
14:42 Double-Bit Axe
20:23 Castle Age
18:43 Stone Mining
18:45 Gold Mining
21:17 Bow Saw
21:20 Medium Warships
21:48 Scale Mail Armor
22:15 Horse Collar
27:21 Heavy Plow
33:48 Pikeman
42:57 Imperial Age
40:50 Squires
MAZZUCCO
4:36 Loom
13:24 Feudal Age
16:08 Double-Bit Axe
20:15 Castle Age
18:28 Horse Collar
18:40 Gold Mining
19:51 Fletching
21:06 Medium Warships
20:53 Bodkin Arrow
21:18 Fishing Lines
23:36 Gillnets
24:38 Bow Saw
26:43 Wheelbarrow
32:26 Hand Cart
35:01 Imperial Age
34:07 Padded Archer Armor
35:47 Bracer
36:02 Leather Archer Armor
35:38 Elite Elephant Archer
36:07 Pikeman
36:48 Squires
37:54 Ring Archer Armor
39:38 Paiks
39:54 Conscription
39:38 Heavy Plow
clockwork
11:03 Loom
13:11 Feudal Age
16:52 Castle Age
16:12 Fletching
16:17 Double-Bit Axe
18:31 Medium Warships
19:13 Bow Saw
20:46 Bodkin Arrow
24:09 Horse Collar
29:37 Wheelbarrow
31:10 Hand Cart
31:07 Town Watch
35:23 Imperial Age
33:03 Gold Mining
33:03 Stone Mining
33:38 Scale Barding Armor
33:43 Forging
34:39 Chain Barding Armor
35:03 Bloodlines
34:54 Husbandry
36:11 Iron Casting
36:46 Plate Barding Armor
35:59 Elite Monaspa
37:52 Heavy Plow
39:06 Blast Furnace
39:53 Conscription
鈸小棒
12:14 Loom
14:30 Feudal Age
18:09 Castle Age
16:41 Double-Bit Axe
18:09 Bloodlines
18:10 Gold Mining
19:04 Scale Barding Armor
19:10 Forging
19:12 Bow Saw
19:45 Husbandry
22:37 Chain Barding Armor
22:56 Light Cavalry
25:11 Town Watch
36:59 Wheelbarrow
36:13 Horse Collar
41:49 Imperial Age
TSAO BING
11:26 Loom
13:36 Feudal Age
17:46 Castle Age
17:05 Double-Bit Axe
17:03 Horse Collar
19:25 Gold Mining
19:55 Loom
21:28 Medium Warships
25:49 Fletching
30:24 Ballistics
30:02 Bodkin Arrow
30:23 Town Watch
33:02 Wheelbarrow
34:03 Padded Archer Armor
34:28 Horse Collar
35:51 Heavy Plow
36:44 Hand Cart
36:33 Stone Mining
38:23 Leather Archer Armor
41:04 Imperial Age
kuim
6:56 Loom
12:51 Feudal Age
13:37 Double-Bit Axe
17:19 Castle Age
16:36 Champi Runner
18:49 Squires
19:25 Fletching
19:45 Forging
19:23 Arson
19:38 Squires
20:57 Bow Saw
23:07 Scale Mail Armor
22:41 Champi Warrior
24:47 Horse Collar
30:52 Gold Mining
35:08 Imperial Age
33:47 Crossbowman
34:32 Thumb Ring
34:25 Fletching
34:36 Padded Archer Armor
35:39 Gold Shaft Mining
36:10 Bodkin Arrow
36:30 Leather Archer Armor
36:50 Leather Archer Armor
36:26 Elite Skirmisher
37:21 Arbalester
40:38 Ballistics
41:19 Chemistry
41:06 Conscription
Connection lost

Rejoining the realm…

Still unreachable

The connection could not be restored.

Session expired

The server has moved on; the page needs a fresh start.